General information
- name: BNet
- type: Ladder team game (AT/RT)
- host: Battle.net
- saver: HaitianDonation
map: TwilightRuins
- players: 8
- length: 24:04
- speed: Fast
- version: 1.26 W3XP
- replay type: Public
» download(141 KB)
Players
team 1 (winner)
tank-man (
green | 45 APM | 664 actions | 14:47)
2 Dark Ranger
1 Black Arrow
1 Life Drain
» actions
| Assign group hotkey | 4 | |
| Basic commands | 151 | |
| Build / train | 40 | |
| Enter build submenu | 18 | |
| Enter hero's abilities submenu | 2 | |
| Right click | 191 | |
| Select / deselect | 212 | |
| Select group hotkey | 20 | |
| Use ability | 26 | |
664 total
» units
| Peasant | 10 | |
| Footman | 15 | |
| Knight | 2 | |
| Goblin Shredder | 1 | |
| Siege Engine | 2 | |
30 total
» upgrades
| Defend | 1 | |
| Masonry | 1 | |
| Animal War Training | 1 | |
| Barrage | 1 | |
4 total
» buildings
| Altar of Kings | 1 | |
| Farm | 6 | |
| Barracks | 2 | |
| Keep | 1 | |
| Castle | 1 | |
| Blacksmith | 1 | |
| Workshop | 3 | |
| Lumber Mill | 1 | |
| Scout Tower | 1 | |
| Arcane Tower | 1 | |
18 total
» build order
00:10 Altar of Kings
00:16 Farm
00:56 Farm
01:19 Barracks
01:52 Barracks
02:26 Farm
03:04 Farm
03:47 Farm
05:39 Keep
08:28 Castle
08:35 Blacksmith
09:26 Workshop
09:30 Workshop
09:35 Farm
09:39 Lumber Mill
11:09 Workshop
11:17 Scout Tower
12:51 Arcane Tower

»
sD.EzLiViNg (
yellow | 42 APM | 693 actions | 16:34)
5 Blademaster
2 Mirror Image
3 Critical Strike
» actions
| Assign group hotkey | 6 | |
| Basic commands | 33 | |
| Build / train | 100 | |
| Enter build submenu | 29 | |
| Enter hero's abilities submenu | 6 | |
| Right click | 124 | |
| Select / deselect | 204 | |
| Select group hotkey | 154 | |
| Use ability | 37 | |
693 total
» units
| Peon | 18 | |
| Grunt | 47 | |
| Kodo Beast | 1 | |
| Shaman | 3 | |
69 total
» upgrades
| Pillage | 2 | |
| Melee Weapons | 6 | |
| Armor | 3 | |
| Berserker Strength | 2 | |
| War Drums Damage Increase | 1 | |
| Shaman Training | 2 | |
16 total
» buildings
| Orc Burrow | 15 | |
| Altar of Storms | 1 | |
| Barracks | 4 | |
| Voodoo Lounge | 2 | |
| War Mill | 2 | |
| Stronghold | 2 | |
| Great Hall | 2 | |
| Fortress | 2 | |
| Spirit Lodge | 1 | |
| Beastiary | 1 | |
32 total
» build order
00:22 Orc Burrow
00:38 Altar of Storms
01:17 Barracks
01:20 Orc Burrow
01:44 Barracks
01:46 Orc Burrow
02:00 Orc Burrow
02:09 Orc Burrow
02:22 Voodoo Lounge
03:10 War Mill
03:22 War Mill
04:17 Orc Burrow
04:23 Orc Burrow
06:49 Stronghold
06:53 Stronghold
07:39 Voodoo Lounge
09:08 Great Hall
09:53 Fortress
10:37 Spirit Lodge
10:45 Beastiary
10:54 Great Hall
11:28 Orc Burrow
11:29 Orc Burrow
11:33 Barracks
11:35 Barracks
11:36 Fortress
12:09 Orc Burrow
12:11 Orc Burrow
12:29 Orc Burrow
12:31 Orc Burrow
13:42 Orc Burrow
13:53 Orc Burrow
» items
Carnage (
blue | 56 APM | 1339 actions | 24:04)
8 Blademaster
3 Wind Walk
3 Critical Strike
2 Mirror Image
» actions
| Assign group hotkey | 30 | |
| Basic commands | 14 | |
| Build / train | 70 | |
| Enter build submenu | 40 | |
| Enter hero's abilities submenu | 8 | |
| Give item / drop item | 3 | |
| Remove unit from queue | 1 | |
| Right click | 534 | |
| Select / deselect | 301 | |
| Select group hotkey | 153 | |
| Use ability | 185 | |
1339 total
» units
| Peon | 8 | |
| Grunt | 4 | |
| Goblin Shredder | 1 | |
| Goblin Sapper | 7 | |
| Troll Batrider | 8 | |
| Goblin Zeppelin | 1 | |
29 total
» upgrades
| Ranged Weapons | 2 | |
| Armor | 1 | |
| Reinforced Defenses | 1 | |
| Troll Regeneration | 1 | |
5 total
» buildings
| Orc Burrow | 6 | |
| Altar of Storms | 2 | |
| Barracks | 1 | |
| Voodoo Lounge | 2 | |
| Stronghold | 4 | |
| War Mill | 2 | |
| Great Hall | 3 | |
| Fortress | 1 | |
| Watch Tower | 16 | |
| Beastiary | 4 | |
41 total
» build order
00:12 Orc Burrow
01:06 Altar of Storms
01:06 Barracks
01:09 Altar of Storms
01:11 Orc Burrow
01:48 Voodoo Lounge
01:59 Voodoo Lounge
02:50 Stronghold
02:50 Stronghold
02:51 Stronghold
04:07 Orc Burrow
05:00 War Mill
05:56 Great Hall
07:00 Fortress
07:03 Watch Tower
07:03 Watch Tower
07:04 Watch Tower
07:04 Watch Tower
08:05 War Mill
08:50 Orc Burrow
08:51 Orc Burrow
10:27 Watch Tower
10:32 Watch Tower
12:07 Beastiary
12:09 Beastiary
12:12 Beastiary
12:14 Beastiary
12:29 Watch Tower
12:31 Watch Tower
13:09 Watch Tower
13:12 Watch Tower
13:15 Watch Tower
13:35 Orc Burrow
14:15 Watch Tower
14:16 Watch Tower
14:50 Watch Tower
14:51 Watch Tower
14:53 Watch Tower
20:49 Great Hall
20:57 Great Hall
» items
| Healing Salve | 6 | |
| Lesser Clarity Potion | 2 | |
| Gloves of Haste | 1 | |
| Sentry Wards | 1 | |
| Orb of Lightning | 1 | |
| Potion of Healing | 3 | |
| Potion of Mana | 1 | |
| Scroll of Healing | 2 | |
| Scroll of Town Portal | 2 | |
| Potion of Lesser Invulnerability | 1 | |
20 total
dogeatdof (
orange | 26 APM | 17 actions | 00:38)
» actions
| Build / train | 3 | |
| Enter build submenu | 2 | |
| Right click | 3 | |
| Select / deselect | 7 | |
| Use ability | 2 | |
17 total
» units
» buildings
| Altar of Storms | 1 | |
| Orc Burrow | 1 | |
2 total
» build order
00:13 Altar of Storms
00:21 Orc Burrow
team 2 (loser)

»
jUkoBeWoN (
purple | 45 APM | 1055 actions | 23:36)
7 Priestess of the Moon
3 Trueshot Aura
3 Searing Arrows
1 Starfall
» actions
| Assign group hotkey | 1 | |
| Basic commands | 130 | |
| Build / train | 94 | |
| ESC pressed | 12 | |
| Enter build submenu | 17 | |
| Enter hero's abilities submenu | 7 | |
| Give item / drop item | 2 | |
| Right click | 350 | |
| Select / deselect | 257 | |
| Select group hotkey | 137 | |
| Use ability | 48 | |
1055 total
» units
| Wisp | 27 | |
| Archer | 5 | |
| Huntress | 10 | |
| Hippogryph | 18 | |
| Chimaera | 14 | |
74 total
» upgrades
| Corrosive Breath | 1 | |
| Strength of the Wild | 3 | |
| Reinforced Hides | 2 | |
6 total
» buildings
| Altar of Elders | 1 | |
| Moon Well | 9 | |
| Ancient of War | 2 | |
| Hunter's Hall | 1 | |
| Tree of Ages | 1 | |
| Tree of Life | 1 | |
| Tree of Eternity | 1 | |
| Ancient of Wind | 1 | |
| Chimaera Roost | 2 | |
19 total
» build order
00:08 Altar of Elders
00:11 Moon Well
00:49 Ancient of War
01:40 Moon Well
01:49 Moon Well
02:44 Moon Well
02:47 Hunter's Hall
05:30 Ancient of War
07:06 Tree of Ages
07:25 Tree of Life
09:17 Moon Well
10:05 Tree of Eternity
10:47 Moon Well
10:50 Ancient of Wind
12:34 Chimaera Roost
12:41 Chimaera Roost
13:22 Moon Well
15:42 Moon Well
17:06 Moon Well
» items
| Periapt of Vitality | 2 | |
| Boots of Speed | 1 | |
| Scroll of Town Portal | 1 | |
4 total
DinkinsMagrew (
pink | 67 APM | 1289 actions | 19:11)
6 Blademaster
3 Wind Walk
2 Critical Strike
1 Bladestorm
» actions
| Assign group hotkey | 29 | |
| Basic commands | 41 | |
| Build / train | 57 | |
| Enter build submenu | 22 | |
| Enter hero's abilities submenu | 7 | |
| Give item / drop item | 1 | |
| Remove unit from queue | 1 | |
| Right click | 515 | |
| Select / deselect | 165 | |
| Select group hotkey | 391 | |
| Use ability | 60 | |
1289 total
» units
| Peon | 17 | |
| Wind Rider | 12 | |
| Troll Batrider | 3 | |
32 total
» upgrades
| Ranged Weapons | 3 | |
| Armor | 2 | |
| Envenomed Spears | 1 | |
| Reinforced Defenses | 1 | |
| Liquid Fire | 1 | |
8 total
» buildings
| Altar of Storms | 1 | |
| Orc Burrow | 10 | |
| Voodoo Lounge | 2 | |
| War Mill | 1 | |
| Stronghold | 1 | |
| Great Hall | 2 | |
| Watch Tower | 8 | |
| Beastiary | 2 | |
| Fortress | 1 | |
28 total
» build order
00:08 Altar of Storms
00:18 Orc Burrow
01:09 Orc Burrow
01:28 Voodoo Lounge
01:48 War Mill
02:14 Orc Burrow
02:58 Stronghold
04:58 Great Hall
05:03 Watch Tower
05:04 Watch Tower
05:38 Orc Burrow
06:03 Watch Tower
06:08 Watch Tower
06:11 Watch Tower
06:32 Beastiary
06:36 Beastiary
07:58 Fortress
09:31 Orc Burrow
09:34 Orc Burrow
15:52 Orc Burrow
15:53 Orc Burrow
15:53 Orc Burrow
15:54 Orc Burrow
16:21 Watch Tower
16:27 Great Hall
17:01 Voodoo Lounge
19:06 Watch Tower
19:08 Watch Tower
» items
| Healing Salve | 3 | |
| Lesser Clarity Potion | 2 | |
| Potion of Healing | 1 | |
| Potion of Lesser Invulnerability | 1 | |
7 total
HaitianDonation (
red | 93 APM | 2247 actions | 24:04)
8 Blademaster
3 Wind Walk
3 Critical Strike
1 Bladestorm
1 Mirror Image
» actions
| Assign group hotkey | 65 | |
| Basic commands | 63 | |
| Build / train | 115 | |
| ESC pressed | 10 | |
| Enter build submenu | 39 | |
| Enter hero's abilities submenu | 8 | |
| Give item / drop item | 11 | |
| Remove unit from queue | 2 | |
| Right click | 875 | |
| Select / deselect | 232 | |
| Select group hotkey | 654 | |
| Use ability | 173 | |
2247 total
» units
| Peon | 17 | |
| Grunt | 7 | |
| Goblin Shredder | 4 | |
| Wind Rider | 5 | |
33 total
» upgrades
| Armor | 3 | |
| Berserker Strength | 1 | |
| Pillage | 1 | |
| Ranged Weapons | 4 | |
| Envenomed Spears | 1 | |
| Reinforced Defenses | 1 | |
| Troll Regeneration | 1 | |
| Liquid Fire | 1 | |
| Spiked Barricades | 1 | |
14 total
» buildings
| Altar of Storms | 1 | |
| Orc Burrow | 5 | |
| Barracks | 1 | |
| Voodoo Lounge | 2 | |
| Stronghold | 4 | |
| War Mill | 1 | |
| Watch Tower | 17 | |
| Great Hall | 2 | |
| Beastiary | 3 | |
| Fortress | 4 | |
40 total
» build order
00:13 Altar of Storms
00:15 Orc Burrow
00:49 Barracks
01:39 Orc Burrow
02:24 Voodoo Lounge
02:48 Orc Burrow
04:21 Stronghold
04:21 Stronghold
04:21 Stronghold
04:27 War Mill
07:55 Watch Tower
08:40 Great Hall
08:53 Watch Tower
09:15 Beastiary
09:27 Watch Tower
10:26 Watch Tower
10:29 Watch Tower
12:13 Beastiary
12:14 Beastiary
12:17 Fortress
12:18 Fortress
12:21 Watch Tower
12:40 Watch Tower
12:41 Watch Tower
17:41 Orc Burrow
17:49 Orc Burrow
19:31 Great Hall
21:42 Watch Tower
21:43 Watch Tower
21:46 Watch Tower
21:48 Watch Tower
21:52 Watch Tower
21:54 Watch Tower
21:54 Watch Tower
22:17 Voodoo Lounge
22:53 Watch Tower
22:56 Watch Tower
» items
| Boots of Speed | 1 | |
| Healing Salve | 6 | |
| Lesser Clarity Potion | 7 | |
| Claws of Attack +9 | 1 | |
| Claws of Attack +6 | 1 | |
| Pendant of Energy | 1 | |
| Potion of Healing | 1 | |
| Potion of Mana | 1 | |
| Scroll of Town Portal | 1 | |
| Orb of Lightning | 1 | |
| Scroll of Healing | 1 | |
22 total
ELLEN_PAGE_HOT (
teal | 75 APM | 1813 actions | 24:03)
5 Blademaster
3 Wind Walk
2 Critical Strike
3 Shadow Hunter
1 Hex
2 Healing Wave
» actions
| Assign group hotkey | 24 | |
| Basic commands | 9 | |
| Build / train | 78 | |
| Enter build submenu | 19 | |
| Enter hero's abilities submenu | 8 | |
| Give item / drop item | 2 | |
| Right click | 878 | |
| Select / deselect | 188 | |
| Select group hotkey | 449 | |
| Use ability | 158 | |
1813 total
» units
| Peon | 20 | |
| Goblin Shredder | 2 | |
| Wind Rider | 8 | |
| Raider | 1 | |
| Goblin Sapper | 3 | |
34 total
» upgrades
| Ranged Weapons | 3 | |
| Armor | 3 | |
| Reinforced Defenses | 1 | |
| Ensnare | 1 | |
| Envenomed Spears | 1 | |
9 total
» buildings
| Altar of Storms | 1 | |
| Orc Burrow | 6 | |
| War Mill | 2 | |
| Voodoo Lounge | 1 | |
| Watch Tower | 12 | |
| Stronghold | 1 | |
| Great Hall | 1 | |
| Beastiary | 3 | |
| Fortress | 1 | |
| Spirit Lodge | 1 | |
29 total
» build order
00:13 Altar of Storms
00:23 Orc Burrow
00:39 War Mill
01:04 Voodoo Lounge
01:52 Watch Tower
02:30 Watch Tower
02:40 Watch Tower
03:18 Stronghold
03:55 Great Hall
04:23 Orc Burrow
05:32 Watch Tower
05:32 Watch Tower
05:33 Watch Tower
05:35 Watch Tower
08:21 Orc Burrow
10:09 Beastiary
10:22 Beastiary
11:04 Fortress
14:08 Watch Tower
14:08 Watch Tower
14:09 Watch Tower
14:09 Watch Tower
14:10 Watch Tower
14:33 Spirit Lodge
15:26 War Mill
15:58 Beastiary
17:30 Orc Burrow
17:30 Orc Burrow
17:31 Orc Burrow
» items
| Healing Salve | 4 | |
| Lesser Clarity Potion | 5 | |
| Potion of Healing | 4 | |
| Potion of Mana | 1 | |
| Potion of Lesser Invulnerability | 1 | |
| Staff of Teleportation | 2 | |
| Scroll of Town Portal | 2 | |
| Scroll of Healing | 1 | |
20 total
Chat log
(00:06 / All) ELLEN_PAGE_HOT: its an orc world
(00:13 / All) DinkinsMagrew: orcgy
(00:19 / All) ELLEN_PAGE_HOT: ill be the girl
(00:22 / All) HaitianDonation: I DIDN'T MEAN TO
(00:24 / Allies) jUkoBeWoN: im German
(00:31 / All) DinkinsMagrew: HITLER
(00:34 / Allies) jUkoBeWoN: SHEIZA
(00:37 / All) Carnage: I happen to think that Daniel Craig is a great bond
(00:46 / All) ELLEN_PAGE_HOT: brosnan is the man
(00:47 / All) Carnage: And his Bond movies are the best, but not really Bond
(00:52 / Allies) jUkoBeWoN: gg
(00:57 / All) DinkinsMagrew: dude i jerk off all day
(00:58 / All) ELLEN_PAGE_HOT: purp said gg
(01:01 / All) Carnage: Golden Eye for the N64 is GOAT console shooter tho
(01:03 / All) DinkinsMagrew: and it gives me a headache
(01:07 / All) jUkoBeWoN: gg
(01:10 / All) ELLEN_PAGE_HOT: perfect dark?
(01:21 / All) DinkinsMagrew: nigr tits bros
(01:29 / Allies) jUkoBeWoN: mmmmmm
(01:31 / All) HaitianDonation: ES GIBT KEINE REVOLUTION ALS DAURERSCHEINUNG DIE NICHT ZUR VOLLKOMMENEN ANARCHIE FÜhren MÜßTE
(01:42 / All) ELLEN_PAGE_HOT: wut dat mean
(01:44 / All) HaitianDonation: SO WIE DIE WELT NICHT VON KRIEGEN LEBT
(01:53 / All) HaitianDonation: SO LEBEN DIE VÖlker nicht von revolution
(02:07 / All) HaitianDonation: ES GIBT NICHTS GROßES AUF DIESER ERDE
(02:20 / All) HaitianDonation: DAS JAHRTAUSENDE BEHERRSCHTE UND IN JAHRZEHNTEN ENSTANDEN WÄre
(02:24 / All) Carnage: This is some good banter let me tell y a
(02:38 / All) HaitianDonation: DER GRÖßTE BAUM HAT AUCH DAS LÄngste wachstum hinter sich
(02:42 / All) DinkinsMagrew: guise my dick is so hard
(02:59 / All) HaitianDonation: WAS JAHRHUNDERTEN TROZT WIRD AUCH NUR IN JAHRHUNDERTEN STARK
(03:04 / All) HaitianDonation: WHAT DO YOU THINK ABOUT THAT GERMAN ON MY TEAM
(03:10 / All) ELLEN_PAGE_HOT: lots of god damn shit talking this game
(03:10 / All) jUkoBeWoN: mmmmmmmmmmmmm
(03:12 / All) HaitianDonation: OR ARE YOU A FAKE DEUTSCH
(03:14 / All) Carnage: My grunt's name is Ughugh, his brother Oogar will join us shortly
(03:16 / Allies) jUkoBeWoN: oooooo sheiza
(03:26 / All) Carnage: Daisho and the twins shall journey together
(03:27 / All) ELLEN_PAGE_HOT: law
(03:35 / Allies) jUkoBeWoN: How do you say constipated in german?
(03:36 / All) HaitianDonation: HE DOESN"T KNOW WHAT THAT MEANS LOL
(03:39 / All) HaitianDonation: HE IS A FAKE GERMAN
(03:40 / All) ELLEN_PAGE_HOT: nikoro is daisho's indentered servant
(03:50 / All) HaitianDonation: HE DOESN'T HAVE GERMAN SPEECHES MEMORISED LIKE ME
(03:53 / Allies) jUkoBeWoN: HOW DO YOU SAY CONSTIPATED IN GERMAN??
(04:05 / Allies) HaitianDonation: ASK GOOGLE TRANSLATE NOT ME
(04:08 / Allies) jUkoBeWoN: FARFROMPOOPIN
(04:11 / Allies) HaitianDonation: I HAVE NO TIME FOR Üntermensch
(04:17 / All) Carnage: Did you see Skyfall
(04:25 / Allies) jUkoBeWoN: HOW DO YOU SAY VIRGIN IN GERMAN
(04:26 / All) ELLEN_PAGE_HOT: eys
(04:26 / All) Carnage: That Silva dude was cool villain
(04:30 / All) ELLEN_PAGE_HOT: i liked casino roale betta
(04:37 / Allies) jUkoBeWoN: GOODNTIGHT
(04:55 / All) ELLEN_PAGE_HOT: shadowmeld ur archer purp
(04:58 / All) ELLEN_PAGE_HOT: gogo
(05:09 / All) Carnage: green is good holy shit!
(05:14 / Allies) jUkoBeWoN: I DONT KNOW WHAT THAT IS
(05:16 / All) HaitianDonation: LMAO ALL THOSE FOOTIES IN LINE
(05:25 / Allies) HaitianDonation: OF COURSE YOU DON'T Ünderman
(05:39 / Allies) jUkoBeWoN: how do you say BRA in german
(05:50 / All) HaitianDonation: WTF
(05:57 / Allies) HaitianDonation: FRAU KOM
(06:09 / Allies) jUkoBeWoN: KEEPEMFRUMFLOPPIN
(06:34 / All) HaitianDonation: I NEED TO PAY ATTENTION LOL
(06:38 / All) HaitianDonation: DIDN'T EVEN SEE THE RUSH COMING
(07:21 / Allies) jUkoBeWoN: oops
(08:13 / All) HaitianDonation: WTF IS THAT GRUNT DOING
(08:17 / All) HaitianDonation: RETARD
(09:00 / All) ELLEN_PAGE_HOT: woooddddddd mee niggas
(09:33 / All) Carnage: I'd be lying if I said green is the greatest player to ever play this game
(10:03 / All) DinkinsMagrew: i'd be jerking off if i wasnt playing this
(10:41 / All) Carnage: most efficient use of a grunt and 3 food
(12:52 / All) Carnage: pink mher
(13:00 / All) DinkinsMagrew: lol stupid garbage noob
(13:09 / All) DinkinsMagrew: my verns flew right over u
(17:06 / All) HaitianDonation: Is orc normally this easy to play or was everyone just a complete noob?
(17:09 / All) ELLEN_PAGE_HOT: its raining gruns
(17:10 / All) HaitianDonation: I'm barely trying to be honest
(18:27 / All) Carnage: scrub lol
(18:33 / All) DinkinsMagrew: lol garbage noob
(18:38 / All) DinkinsMagrew: enjoy your loss tower whore
(18:40 / All) HaitianDonation: Yellow and orange are no joke the worst orcs I've ever seen
(18:41 / All) Carnage: mess with the best die like the rest
(18:49 / All) DinkinsMagrew: your the one losing faggot
(18:51 / All) Carnage: Lol teal and red are my minions
(20:02 / Allies) ELLEN_PAGE_HOT: sorry
(21:48 / Allies) jUkoBeWoN: lets hit blue
(22:12 / All) ELLEN_PAGE_HOT: y not burning liequpid
(22:38 / Allies) jUkoBeWoN: go
(22:39 / All) Carnage: lay it on him
(23:31 / Allies) jUkoBeWoN: um
(23:39 / All) Carnage: lawl
(23:40 / All) HaitianDonation: lol
(23:41 / All) Carnage: pink lose
(23:46 / All) ELLEN_PAGE_HOT: new acct
(23:56 / All) HaitianDonation: You leave first Jacob
(23:59 / All) HaitianDonation: so it shows in the replay